cohdb
Replays
Latest Replays
All Replays
Popular Replays
Top Player Replays
Match Explorer
How It Works
Community
CoH3 Stats
Reddit
Sign in to upload your games and track your stats! →
Sign in with Steam
Match 40935703
Unlisted
Match 40935703
Overview
Messages
Build Orders
End
Engineer Squad
Construct Barracks
Riflemen Squad
M1 Mortar Team
Riflemen Squad
Air Support Center
Grenade Package
Selects Armored Battlegroup
Selects Armored Battlegroup
Selects Fast Deploy
Selects Veteran Crews
Pob
Pob
Pob
Fallschirmjäger
IronFang
JuicyBeijingDUCK
0
0
Comments
sign in to comment!
No comments posted yet!